 Dungeon Crawl Stone Soup version 0.28.0-45-g0d030f2227 (webtiles) character file.

Game seed: 9150630128186863266

318 zeratav the Insei (level 6, -5/41 HPs)
             Began as an Octopode Transmuter on Apr 9, 2022.
             Slain by an ogre
             ... wielding a +0 giant club
              (25 damage)
             ... on level 4 of the Dungeon.
             The game lasted 00:08:04 (4674 turns).

zeratav the Insei (Octopode Transmuter)             Turns: 4674, Time: 00:08:05

Health: -5/41      AC:  5    Str:  9    XL:     6   Next: 45%
Magic:  9/9        EV: 14    Int: 15    God:
Gold:   146        SH:  0    Dex: 17    Spells: 5/9 levels left

rFire   + . .      SeeInvis .   j - +3 short sword "Glorpo" {vorpal, Dex+2, short}
rCold   . . .      Faith    .   (no shield)
rNeg    . . .      Spirit   .   (helmet restricted)
rPois   .          Reflect  .   (no amulet)
rElec   .          Harm     .   d - ring of protection from fire
rCorr   .          Rampage  .   e - +4 ring of protection
Will    .....                   (no ring)
Stlth   ++++......              (no ring)
HPRegen 0.13/turn               (no ring)
MPRegen 0.11/turn               (no ring)
                                (no ring)
                                (no ring)

@: no status effects
A: almost no armour, amphibious, 8 rings, camouflage 1, gelatinous body 1,
(nimble swimmer 1), tentacles
a: no special abilities


You were on level 4 of the Dungeon.
You visited 2 branches of the dungeon, and saw 6 of its levels.

You collected 146 gold pieces.


Innate Abilities, Weirdness & Mutations

You cannot wear most types of armour.
You are amphibious.
You can wear up to eight rings at the same time.
Your skin changes colour to match your surroundings (Stealth+).
Your rubbery body absorbs attacks. (AC +1, EV +1)
((You are camouflaged when in or above water. (Stealth+)))
You have tentacles for arms and can constrict up to eight enemies at once.


   Skills:
 + Level 2.8 Fighting
 + Level 3.4 Dodging
 + Level 3.7 Stealth
 * Level 5.0 Unarmed Combat
 - Level 2.0 Spellcasting
 - Level 2.0 Transmutations


You had 5 spell levels left.
You knew the following spells:

 Your Spells              Type           Power      Damage    Failure   Level
a - Beastly Appendage     Tmut           14%        N/A       10%         1
b - Spider Form           Tmut/Pois      4%         N/A       41%         3

Your spell library contained the following spells:

 Spells                   Type           Power      Damage    Failure   Level
 Wereblood                Tmut           7%         N/A       14%         2
 Magic Dart               Conj           4%         1d3       22%         1
 Call Imp                 Summ           1%         N/A       32%         2
 Corpse Rot               Necr/Air       2%         N/A       32%         2
 Static Discharge         Conj/Air       1%         N/A       32%         2
 Gell's Gravitas          Tloc           1%         N/A       54%         3
 Lesser Beckoning         Tloc           1%         N/A       54%         3
 Mephitic Cloud           Conj/Pois/Air  1%         N/A       54%         3
 Teleport Other           Tloc           1%         N/A       54%         3
 Ice Form                 Ice/Tmut       4%         N/A       82%         4
 Dispel Undead            Necr           1%         3d6       91%         4
 Sticky Flame             Conj/Fire      1%         2d3       91%         4
 Death Channel            Necr           0%         N/A       100%        6

Inventory:

Hand Weapons
 j - the +3 short sword "Glorpo" (weapon) {vorpal, Dex+2, short}
   (You found it on level 2 of the Dungeon)

   It inflicts extra damage upon your enemies.
   Dex:       It affects your dexterity (+2).
 k - a +2 demon whip of pain {mace}
   (You found it on level 4 of the Dungeon)
Jewellery
 d - a ring of protection from fire (left tentacle)
   (You found it on level 1 of the Dungeon)
 e - a +4 ring of protection (right tentacle)
   (You found it on level 1 of the Dungeon)
Wands
 h - a wand of polymorph (10)
   (You found it on level 2 of the Dungeon)
 o - a wand of charming (7)
   (You found it on level 4 of the Dungeon)
Scrolls
 a - 3 scrolls of fear
 f - a scroll of fog
 l - a scroll of teleportation {@r4}
 m - a scroll of summoning
Potions
 b - a potion of lignification {!q}
 c - 2 potions of curing {@q1}
 g - 2 potions of attraction {!q}
 i - a potion of might {unknown}
 n - a potion of flight {unknown}

Dungeon Overview and Level Annotations

Branches:
Dungeon (5/15)             Temple (1/1) D:4

Altars:
Cheibriados
Elyvilon
Gozag
Makhleb
Nemelex Xobeh
Okawaru
Qazlal
Sif Muna
Trog
Uskayaw
Vehumet
Wu Jian
Yredelemnul
Zin
The Shining One

Shops:
D:3 !

Annotations:
D:5 Menkaure

#.#.# #.# #...#
#.....###.# # #.#.#
#.# ###.#
#.....#...## # #.#.#
#.#
###.#####'###....# #
....# #.# #.....#
#.....##.# # #.###
#.######.....#
########.# # #.#
#............# #.# #
#.############.....#
#.# #.....# #...O.#
#.# #####.#
###@#.##########.#
#.# #...........##.#
#####.#####
###.#######.##.###
..........# #.#
#....... .####.###.#
#.# ####.... .# #.#
#.# #.# ##### .# #.#
#.# #.# .# #.# #.#
#.# .####.# #.#
######.#


You could see an ogre.


Message History

MP[-3]
You lost 3 mp, and now have 5/8 mp.
Casting: Spider Form (quite dangerous; 41% risk of failure)
Confirm with . or Enter, or press ? or * to list all spells.
The spell is quite dangerous to miscast (41% risk of failure)!
Continue anyway?
You turn into a venomous arachnid creature.
The +3 short sword "Glorpo" {vorpal, Dex+2, short} melds into your body.
Edmund shouts!
MP[-3]
You lost 3 mp, and now have 2/8 mp.
Your transformation is almost over.
You hit Edmund.
Edmund is poisoned.
Edmund hits you but does no damage.
You hit Edmund but do no damage.
Edmund hits you with a +2 dire flail of holy wrath!
HP[-11]
You take 11 damage, and now have 24/35 hp.
MASSIVE DAMAGE!! (PAUSE)
You hit Edmund but do no damage. Edmund misses you.
You bite Edmund! Edmund barely misses you.
You hit Edmund but do no damage.
Edmund hits you with a +2 dire flail of holy wrath!
* * * LOW HITPOINT WARNING * * *
HP[-9] MP[+1]
You take 9 damage, and now have 15/35 hp.
MASSIVE DAMAGE!! (PAUSE)
You hit Edmund.
Edmund looks as sick as possible!
Edmund closely misses you.
You bite Edmund!
You kill Edmund!
Your magical contamination has completely faded away.
You have reached level 6!
HP[+3]
You now have 41 max hp (+6).
You regained 3 hp, and now have 18/41 hp.
Things that are here:
a +2 dire flail of holy wrath {mace}; a +0 leather armour You start resting.
Your transformation has ended.
The +3 short sword "Glorpo" {vorpal, Dex+2, short} unmelds from your body.
HP[+1]
You start resting.
HP[+6] MP[+6]
You regained 6 hp, and now have 25/41 hp.
Your mp is fully restored (9).
You start resting.
HP[+16]
Your hp is fully restored (41).
You start waiting.
Done waiting.
Done exploring.
Done exploring.
(D) Dungeon (T) Temple
Where to? (Enter - D:4 @ (x,y), ? - help)
There is a stone staircase leading down here.
You climb downwards.
There is a stone staircase leading up here.
Menkaure, Prince of Dust comes into view.
You open the gate. 2 orcs, 2 orc wizards, an ogre and a howler monkey skeleton come into view.
Found 2 black potions.
Found a snail-covered altar of Cheibriados.
You close the gate.
As you open the gate, it creaks loudly!
The orc wizard shouts!
The ogre shouts!
The orc wizard shouts!
You hear a shout!
You barely miss the orc wizard. You grab the orc wizard.
You squeeze the orc wizard. You constrict the orc wizard.
The orc wizard completely misses you.
You hit the orc wizard. You squeeze the orc wizard.
You constrict the orc wizard.
You kill the orc wizard!
Your Unarmed Combat skill increases to level 5!
You hit the ogre. Your squeeze misses the ogre. The ogre closely misses you.
You hit the ogre but do no damage.
The orc wizard gestures wildly while chanting.
The orc wizard flickers and vanishes!
Deactivating autopickup; reactivate with Ctrl-A.
Menkaure gestures wildly while chanting.
Menkaure seems to speed up.
There is a stone staircase leading up here.
The ogre hits you with a +0 giant club.
You climb upwards.
Reactivating autopickup.
There is a stone staircase leading down here.
HP[-1]
You take 1 damage, and now have 40/41 hp.
You hit the ogre. Your squeeze misses the ogre.
The ogre hits you with a +0 giant club!!
Ouch! That really hurt!
* * * LOW HITPOINT WARNING * * *
HP[-25]
You take 25 damage, and now have 15/41 hp.
MASSIVE DAMAGE!! (PAUSE) HP[+1] HP[+1] HP[+1]
You see here a +0 halberd {polearm}.
HP[+1] HP[+1]
The ogre hits you with a +0 giant club!!
Ouch! That really hurt!
You die...

Skill      XL: |  1  2  3  4  5  6 |
---------------+-------------------+-----
Stealth        | 1 2 3 |  3.7
Fighting       | 2 |  2.8
Unarmed Combat | 4 5 |  5.0
Dodging        | 3 |  3.4
Spellcasting   | |  2.0
Transmutations | |  2.0

Action                   |  1- 3 |  4- 6 || total
-------------------------+-------+-------++-------
Melee: Unarmed           |    55 |     7 ||    62
       Kick              |    27 |     7 ||    34
       Constrict         |    18 |    11 ||    29
       Tentacles         |     6 |     8 ||    14
       Short sword       |    15 |    48 ||    63
       Punch             |     1 |     2 ||     3
 Cast: Beastly Appendage |    26 |    11 ||    37
       Spider Form       |       |     1 ||     1
  Use: Scroll            |       |     8 ||     8
       Potion            |       |     1 ||     1
 Stab: Sleeping          |    11 |     4 ||    15
Armor: Skin              |    12 |    11 ||    23
Dodge: Dodged            |    36 |    38 ||    74

Levels and vault maps discovered:
D:1:      minmay_arrival_split_and_join, layout_loops_ring,
          ebering_ecumenical_altar_webs, wad_floor_pattern_2,
          minmay_misc_feat_nine_boxes
D:2:      minmay_spotlight, layout_basic, kennysheep_generic_room_8
D:3:      layout_basic, mainiacjoe_overflow_divided_tiny, serial_shops,
          nicolae_shop_statue_plus
D:4:      layout_loops_ring, temple_green, uniq_edmund
D:5:      cheibrodos_barr_body, layout_basic, old_standard_altar,
          mainiacjoe_overflow_alcove_4, uniq_prince_ribbit1, uniq_menkaure
Temple:   nicolae_temple_no_exploring_needed

Notes
Turn   | Place    | Note
-------+----------+-------------------------------------------
     0 | D:1      | zeratav the Octopode Transmuter began the quest for the
                  | Orb.
     0 | D:1      | Reached XP level 1. HP: 13/13 MP: 3/3
     0 | D:1      | magus.rc [v1.9.6]
   296 | D:1      | Reached XP level 2. HP: 18/18 MP: 3/5
   363 | D:1      | Reached skill level 1 in Stealth
   439 | D:1      | You pick up a book of Displacement and begin reading...
   439 | D:1      | You add the spells Lesser Beckoning, Gell's Gravitas and
                  | Teleport Other to your library.
   540 | D:1      | Found a faded altar of an unknown god.
  1135 | D:2      | Reached XP level 3. HP: 23/23 MP: 6/6
  1340 | D:2      | Identified the +3 short sword "Glorpo" {vorpal, Dex+2}
  1343 | D:2      | You pick up a book of Minor Magic and begin reading...
  1343 | D:2      | You add the spells Magic Dart, Call Imp and Mephitic Cloud
                  | to your library.
  1390 | D:2      | You pick up a book of Touch and begin reading...
  1390 | D:2      | You add the spells Static Discharge, Sticky Flame and
                  | Dispel Undead to your library.
  1735 | D:2      | HP: 4/24 [poisoned by an adder]
  1736 | D:2      | Reached skill level 2 in Stealth
  1736 | D:2      | Reached XP level 4. HP: 5/29 MP: 5/7
  2605 | D:3      | Found Huucug's Distillery.
  2622 | D:3      | Reached skill level 2 in Fighting
  2626 | D:3      | Reached skill level 4 in Unarmed Combat
  2776 | D:3      | Found a burning altar of Makhleb.
  2776 | D:3      | Found a white marble altar of Elyvilon.
  3230 | D:4      | You pick up a book of Decay and begin reading...
  3230 | D:4      | You add the spells Corpse Rot and Death Channel to your
                  | library.
  3530 | D:4      | Reached XP level 5. HP: 34/34 MP: 8/8
  3536 | D:4      | Noticed Edmund
  3587 | D:4      | Learned a level 3 spell: Spider Form
  3907 | D:4      | Reached skill level 3 in Dodging
  3947 | D:4      | Found a staircase to the Ecumenical Temple.
  3954 | Temple   | Entered the Ecumenical Temple
  4089 | D:4      | Reached skill level 3 in Stealth
  4266 | D:4      | Killed Edmund
  4267 | D:4      | Reached XP level 6. HP: 18/41 MP: 3/9
  4602 | D:5      | Entered Level 5 of the Dungeon
  4607 | D:5      | Noticed Menkaure
  4615 | D:5      | Found a snail-covered altar of Cheibriados.
  4623 | D:5      | Reached skill level 5 in Unarmed Combat
  4674 | D:4      | Slain by an ogre

Vanquished Creatures
  Edmund (D:4)
  A hound (D:4)
  An orc wizard (D:5)
  A howler monkey skeleton (D:4)
  6 gnolls
  4 adders
  A worm (D:2)
  A dart slug (D:1)
  6 ball pythons
  2 bats
  5 endoplasms
  3 giant cockroaches
  3 goblins
  8 hobgoblins
  A quokka (D:2)
  3 frilled lizards (D:2)
  3 kobolds
  5 rats
55 creatures vanquished.

Table legend:
 A = Non-vault XP
 B = Vault XP
 C = Vault XP percentage of total XP
 D = Non-vault monster count
 E = Vault monster count
 F = Vault count percentage of total count
                 A         B        C        D         E       F
            +---------+---------+-------+---------+---------+-------
      Total |     292 |     163 |  35.8 |      50 |       5 |   9.1
            +---------+---------+-------+---------+---------+-------
        D:1 |      25 |       0 |   0.0 |      13 |       0 |   0.0
        D:2 |      46 |      16 |  25.8 |      18 |       4 |  18.2
        D:3 |      51 |       0 |   0.0 |       8 |       0 |   0.0
        D:4 |     134 |     147 |  52.3 |      10 |       1 |   9.1
        D:5 |      36 |       0 |   0.0 |       1 |       0 |   0.0
            +---------+---------+-------+---------+---------+-------

Illustrated notes

Table legend:
 A = Kills in this place as a percentage of kills in entire the game.
 B = Kills by you in this place as a percentage of kills by you in the entire game.
 C = Kills by friends in this place as a percentage of kills by friends in the entire game.
 D = Other kills in this place as a percentage of other kills in the entire game.
 E = Experience gained in this place as a percentage of experience gained in the entire game.
 F = Experience gained in this place divided by the number of levels of this place that you have seen.
                   A       B       C       D       E      F
               +-------+-------+-------+-------+-------+----------------------
         Total | 100.0 | 100.0 |   N/A |   N/A | 100.0 |  75.8
       Dungeon | 100.0 | 100.0 |   N/A |   N/A | 100.0 |  91.0
               +-------+-------+-------+-------+-------+----------------------

Table legend: (Time is in decaauts)
 A = Elapsed time spent in this place.
 B = Non-inter-level travel time spent in this place.
 C = Inter-level travel time spent in this place.
 D = Time resting spent in this place.
 E = Time spent auto-exploring this place.
 F = Levels seen in this place.
 G = Mean time per level.
                   A        B        C        D        E       F      G
               +--------+--------+--------+--------+--------+-----+--------+
         Total |   4675 |   4436 |    239 |    916 |   2673 |   6 |  779.2 |
       Dungeon |   4673 |   4434 |    239 |    916 |   2673 |   5 |  934.6 |
        Temple |      1 |      1 |      0 |      0 |      0 |   1 |    1.0 |
               +--------+--------+--------+--------+--------+-----+--------+

Top non-repeatable levels by time:
     D:4: 1315 daAuts
     D:2: 1236 daAuts
     D:3: 1174 daAuts
     D:1: 919 daAuts
     D:5: 27 daAuts
  Temple: 1 daAuts
